 Dungeon Crawl Stone Soup version 0.22.1-2-g9c5b331 (webtiles) character file.

130 lysyklops the Sneak (level 4, 0/21 HPs)
             Began as a Spriggan Enchanter on Dec 25, 2018.
             Killed from afar by Blork the orc (8 damage)
             ... with a magic dart
             ... on level 4 of the Dungeon.
             The game lasted 00:05:57 (2455 turns).

lysyklops the Sneak (Spriggan Enchanter)            Turns: 2455, Time: 00:05:57

Health: 0/21       AC:  4    Str:  4    XL:     4   Next: 89%
Magic:  0/10       EV: 19    Int: 16    God:
Gold:   194        SH:  0    Dex: 17    Spells: 7/10 levels left

rFire    + . .     SeeInvis +   a - +1 dagger
rCold    + . .     Gourm    .   (shield restricted)
rNeg     . . .     Faith    .   q - +2 robe {rC+ rF+}
rPois    .         Spirit   .   (helmet restricted)
rElec    .         Reflect  .   (no cloak)
rCorr    .         Harm     .   (gloves unavailable)
MR       .....                  (boots unavailable)
Stlth    +++.......             (no amulet)
HPRegen  0.07/turn              (no ring)
MPRegen  0.12/turn              (no ring)

@: very quick
A: very small, unfitting armour, see invisible, herbivore, speed 3, slow
metabolism 2
a: no special abilities


You were on level 4 of the Dungeon.
You were very hungry.

You visited 1 branch of the dungeon, and saw 4 of its levels.

You collected 194 gold pieces.

Inventory:

Hand Weapons
 a - a +1 dagger (weapon)
Armour
 q - a +2 robe of resistance (worn)
Jewellery
 k - a +4 ring of strength {unknown}
Scrolls
 h - a scroll of blinking {unknown}
 i - 2 scrolls of magic mapping {unknown}
 j - a scroll of random uselessness {unknown}
 m - 2 scrolls of remove curse {unknown}
 o - 3 scrolls of teleportation {unknown}
 p - a scroll of noise {unknown}
 s - 3 scrolls of identify {unknown}
Potions
 b - a potion of resistance {unknown}
 c - a potion of degeneration {unknown}
 e - 2 potions of ambrosia {unknown}
 f - a potion of lignification {unknown}
 g - a potion of mutation {unknown}
 l - 2 potions of heal wounds {unknown}
 n - 2 potions of agility {unknown}
 r - 2 potions of invisibility {unknown}
 t - a potion of magic {unknown}
Comestibles
 d - 5 rations


   Skills:
 + Level 2.4 Short Blades
 + Level 4.2 Dodging
 + Level 5.5 Stealth
 + Level 3.6 Spellcasting
 + Level 4.4 Hexes


You had 7 spell levels left.
You knew the following spells:

 Your Spells              Type           Power        Failure   Level  Hunger
a - Corona                Hex            ###....      2%          1    None
b - Ensorcelled Hibernat  Hex/Ice        ##....       11%         2    ##.....

Your spell library contained the following spells:

 Spells                   Type           Power        Failure   Level  Hunger
 Confuse                  Hex            ###.....     9%          3    ###....
 Tukima's Dance           Hex            ###.....     9%          3    ###....
 Dazzling Spray           Conj/Hex       ##....       22%         3    ###....


Dungeon Overview and Level Annotations

Branches:
Dungeon (4/15)
 Temple: D:4-7

Altars:
Trog
Yredelemnul

Annotations:
D:4 Blork the orc


Innate Abilities, Weirdness & Mutations

You are very small and have problems with some larger weapons.
You are too small for most types of armour.
You have supernaturally acute eyesight. (SInv)
You are a herbivore.
You cover ground extremely quickly.
You need to consume almost no food.


Message History

Aim: Blork the orc, wielding a battleaxe and wearing an embroidered robe Blork the orc resists with almost no effort.
Blork the orc casts a spell at you. The magic dart hits you!
Casting: Ensorcelled Hibernation (safe; 11% risk of failure)
Confirm with . or Enter, or press ? or * to list all spells.
Aiming: Ensorcelled Hibernation (safe; 11% risk of failure)
Press: ? - help, Shift-Dir - straight line, f/p - Blork the orc
Aim: Blork the orc, wielding a battleaxe and wearing an embroidered robe Blork the orc resists with almost no effort.
Blork the orc completely misses you.
Casting: Ensorcelled Hibernation (safe; 11% risk of failure)
Confirm with . or Enter, or press ? or * to list all spells.
Aiming: Ensorcelled Hibernation (safe; 11% risk of failure)
Press: ? - help, Shift-Dir - straight line, f/p - Blork the orc
Aim: Blork the orc, wielding a battleaxe and wearing an embroidered robe Blork the orc resists with almost no effort.
Blork the orc points at you and mumbles some strange words.
The magic dart hits you!
You die...

##..........#
##..........#
##....).....######
##..........#....#
##..........#....#
##..........#....#
#############....#
.................+
#############...@#
#.'....+ #.#o...#
#.#....# #'######
#........#
...o......#
...#........#
.....#........#


You could see Blork the orc.

Vanquished Creatures
  A hound (D:4)
  A worker ant (D:4)
  2 adders (D:3)
  A worm (D:2)
  A dart slug (D:2)
  A leopard gecko (D:4)
  3 orcs (D:3)
  8 bats
  3 giant cockroaches
  5 hobgoblins
  4 jackals (D:3)
  A quokka (D:3)
  A ball python (D:2)
  2 frilled lizards
  6 goblins
  6 kobolds
  4 rats
50 creatures vanquished.

Notes
Turn   | Place    | Note
-------+----------+-------------------------------------------
     0 | D:1      | lysyklops the Spriggan Enchanter began the quest for the
                  | Orb.
     0 | D:1      | Reached XP level 1. HP: 9/9 MP: 5/5
   272 | D:1      | Reached XP level 2. HP: 12/13 MP: 4/6
   276 | D:1      | Learned a level 2 spell: Ensorcelled Hibernation
   819 | D:2      | Found a basalt altar of Yredelemnul.
  1088 | D:2      | Reached XP level 3. HP: 12/16 MP: 1/8
  1346 | D:3      | Reached skill level 5 in Stealth
  1845 | D:3      | Reached XP level 4. HP: 17/21 MP: 0/10
  2256 | D:4      | Found a bloodstained altar of Trog.
  2437 | D:4      | Noticed Blork the orc
  2455 | D:4      | Killed from afar by Blork the orc

Skill      XL: |  1  2  3  4 |
---------------+-------------+-----
Spellcasting   | 3 |  3.6
Hexes          | 4 |  4.4
Stealth        | 5 |  5.5
Short Blades   | 2 |  2.4
Dodging        | 4 |  4.2

Action                   |  1- 3 |  4- 6 || total
-------------------------+-------+-------++-------
Melee: Dagger            |   111 |    28 ||   139
 Cast: Corona            |     2 |       ||     2
       Ensorcelled Hiber |    27 |    14 ||    41
 Stab: Sleeping          |    30 |     8 ||    38
Armor: Robe              |     9 |     3 ||    12
Dodge: Dodged            |    81 |    25 ||   106
